 Dungeon Crawl Stone Soup version 0.23-a0-577-g2b1de94 (webtiles) character file.

3 Leeroy the Charmwright (level 1, 13/17 HPs)
             Began as a Barachi Skald on Dec 14, 2018.
             Got out of the dungeon alive.
             The game lasted 00:01:37 (86 turns).

Leeroy the Charmwright (Barachi Skald)                Turns: 86, Time: 00:01:38

Health: 13/17      AC:  3    Str: 12    XL:     1   Next: 50%
Magic:  3/3        EV: 12    Int: 13    God:
Gold:   2          SH:  0    Dex: 11    Spells: 3/4 levels left

rFire    . . .     SeeInvis .   a - +0 falchion
rCold    . . .     Gourm    .   (no shield)
rNeg     . . .     Faith    .   b - +0 leather armour
rPois    .         Spirit   .   (no helmet)
rElec    .         Reflect  .   (no cloak)
rCorr    .         Harm     .   (no gloves)
MR       .....                  (no boots)
Stlth    +.........             (no amulet)
HPRegen  0.05/turn              (no ring)
MPRegen  0.08/turn              (no ring)

@: slow
A: +LOS, swims, slowness 1, strong legs 1
a: Hop


You escaped.
You were not hungry.

You visited 1 branch of the dungeon, and saw 1 of its levels.

You collected 2 gold pieces.

Inventory:

Hand Weapons
 a - a +0 falchion (weapon)
Armour
 b - a +0 leather armour (worn)
 c - a +0 chain mail
 g - a +0 buckler
Scrolls
 e - a scroll of remove curse {unknown}
 f - a scroll of fog {unknown}
Comestibles
 d - 2 rations


   Skills:
 + Level 2.4 Fighting
 + Level 2.4 Long Blades
 + Level 1.2 Armour
 + Level 2.1 Dodging
 + Level 2.3 Spellcasting
 + Level 3.4 Charms


You had 3 spell levels left.
You knew the following spells:

 Your Spells              Type           Power        Failure   Level  Hunger
a - Infusion              Chrm           ##..         8%          1    #......

Your spell library contained the following spells:

 Spells                   Type           Power        Failure   Level  Hunger
 Song of Slaying          Chrm           ##......     12%         2    ###....
 Shroud of Golubria       Chrm/Tloc      #.........   24%         2    ###....
 Regeneration             Chrm/Necr      #.........   43%         3    ###....
 Spectral Weapon          Hex/Chrm       #.......     43%         3    ###....


Dungeon Overview and Level Annotations

Branches:
Dungeon (1/15)

Altars:


Innate Abilities, Weirdness & Mutations

Shadows flee at your approach. (+LOS)
You can swim through water.
You cover ground slowly.
You can hop short distances.


Message History

You see here a ration.
d - 2 rations (gained 1)
There is an open door here.
You slash the giant cockroach!
You kill the giant cockroach!
You see here a giant cockroach corpse.
There is an open door here.
Your movement speed is slow.
Your attack speed is below average.
You see here a buckler.
g - a buckler
There is a stone staircase leading down here.
You can't go up here!
You can't go up here!
Why would you want to do that?
There is a staircase leading out of the dungeon here.
You can't go down here!
Are you sure you want to leave the Dungeon?
This will make you lose the game!
Uppercase [Y]es or [N]o only, please.
Are you sure you want to leave the Dungeon?
This will make you lose the game!
You have escaped!

##....>..#...>......# #
#...>...#..........# .#
#......†'..........# .##
#$......#.........§#####..#
(...................§......#
.........≈≈≈≈≈....§§≈≈≈≈...#
##.#....≈.......≈≈≈≈§§..≈..#
#.#.....≈≈....≈..§§..≈≈..##
#
#####...§....@.≈..≈§..#####
......≈≈≈§≈.≈.§........#
..#.#.......≈..........#
##.#...#.≈...≈..........##
...###.≈...≈.............
.#..##..≈.≈....#......### #
#.......≈.....#......#
.###.......#.#......#
....................#


There were no monsters in sight!

Vanquished Creatures
  A leopard gecko (D:1)
  A giant cockroach (D:1)
2 creatures vanquished.

Notes
Turn   | Place    | Note
-------+----------+-------------------------------------------
     0 | D:1      | Leeroy the Barachi Skald began the quest for the Orb.
     0 | D:1      | Reached XP level 1. HP: 17/17 MP: 3/3
    86 | D:$      | Got out of the dungeon alive.

Vault maps used:
D:1:      ebering_trefoil_3fold

Action                   || total
-------------------------++-------
Melee: Falchion          ||     3
 Abil: Hop               ||     1

Table legend:
 A = Non-vault XP
 B = Vault XP
 C = Vault XP percentage of total XP
 D = Non-vault monster count
 E = Vault monster count
 F = Vault count percentage of total count
                 A         B        C        D         E       F
            +---------+---------+-------+---------+---------+-------
      Total |       5 |       0 |   0.0 |       2 |       0 |   0.0
            +---------+---------+-------+---------+---------+-------
        D:1 |       5 |       0 |   0.0 |       2 |       0 |   0.0
            +---------+---------+-------+---------+---------+-------
